 Dungeon Crawl Stone Soup version 0.23.2-1-ga50397a6bc (webtiles) character file.

Game seed: 14383006242864613453

119 Ethylacetat the Insei (level 5, -5/45 HPs)
             Began as a Naga Transmuter on Apr 24, 2019.
             Slain by Grinder (6 damage)
             ... while paralysed by Grinder
             ... on level 3 of the Dungeon.
             The game lasted 00:06:48 (2023 turns).

Ethylacetat the Insei (Naga Transmuter)             Turns: 2023, Time: 00:06:49

Health: -5/45      AC:  2    Str: 15    XL:     5   Next: 3%
Magic:  7/24       EV:  1    Int: 14    God:
Gold:   116        SH:  0    Dex: 12    Spells: 5/9 levels left

rFire    + . .     SeeInvis +   n - staff of power
rCold    . . .     Gourm    .   (no shield)
rNeg     . . .     Faith    .   b - +0 robe
rPois    +         Spirit   .   (no helmet)
rElec    .         Reflect  .   (no cloak)
rCorr    .         Harm     .   (no gloves)
MR       .....                  (no barding)
Stlth    +.........             (no amulet)
HPRegen  0.15/turn              r - +3 ring of strength
MPRegen  0.19/turn              l - ring of protection from fire

@: paralysed, very slightly contaminated, very slow
A: large, see invisible, deformed body, poison resistance, slowness 2, slow
metabolism 1, spit poison 1, AC +1
a: Spit Poison


You were on level 3 of the Dungeon.
You were not hungry.

You visited 1 branch of the dungeon, and saw 3 of its levels.

You collected 116 gold pieces.

Inventory:

Missiles
 a - 35 arrows
 m - 8 curare-tipped needles
Armour
 b - a +0 robe (worn)
Magical Staves
 n - an uncursed staff of power (weapon)
Jewellery
 k - an uncursed ring of positive energy
 l - a ring of protection from fire (right hand)
 r - a +3 ring of strength (left hand)
Wands
 q - a wand of acid (8)
Scrolls
 c - 2 scrolls of enchant armour {unknown}
 e - a scroll of remove curse
 i - a scroll of identify {unknown}
 j - 2 scrolls of teleportation {unknown}
 s - a scroll of magic mapping {unknown}
Potions
 f - a potion of agility {unknown}
 g - a potion of magic {unknown}
 h - a potion of flight {unknown}
 o - a potion of curing {unknown}
Comestibles
 d - 5 rations
 p - a chunk of flesh


   Skills:
 + Level 2.2 Fighting
 - Level 1.5 Dodging
 + Level 3.6 Unarmed Combat
 + Level 2.8 Spellcasting
 + Level 2.9 Transmutations
 + Level 1.7 Poison Magic


You had 5 spell levels left.
You knew the following spells:

 Your Spells              Type           Power        Failure   Level  Hunger
a - Beastly Appendage     Tmut           ##....       7%          1    #......
b - Spider Form           Tmut/Pois      #.........   26%         3    ###....

Your spell library contained the following spells:

 Spells                   Type           Power        Failure   Level  Hunger
 Sticks to Snakes         Tmut           ##......     10%         2    ###....
 Ice Form                 Ice/Tmut       #.......     77%         4    #####..
 Blade Hands              Tmut           ##........   88%         5    ######.


Dungeon Overview and Level Annotations

Branches:
Dungeon (3/15)

Altars:
Hepliaklqana
Sif Muna

Annotations:
D:3 Grinder


Innate Abilities, Weirdness & Mutations

You cannot wear boots.
Your serpentine skin is tough. (AC +1)
You have supernaturally acute eyesight. (SInv)
Armour fits poorly on your strangely shaped body.
Your system is resistant to poisons. (rPois)
You cover ground very slowly.
You have a slow metabolism.
You can spit poison.


Message History

Your uncursed staff of power unmelds from your body.
Your +0 robe unmelds from your body.
You feel your magic capacity increase. Grinder hits you.
Casting: Spider Form (safe; 26% risk of failure)
Confirm with . or Enter, or press ? or * to list all spells.
You miscast Spider Form.
You are very lightly contaminated with residual magic.
You feel mildly nauseous. Grinder gestures at you.
You suddenly lose the ability to move!
Grinder hits you! Grinder completely misses you. Grinder hits you.
* * * LOW HITPOINT WARNING * * *
You writhe in agony.
* * * LOW HITPOINT WARNING * * *
Grinder hits you.
* * * LOW HITPOINT WARNING * * *
You writhe in agony.
You die...

.. #.# #.#
.## # #.# #.#
#.#.## #.#
#....## #.#
######..###.#
≈≈≈≈ ###.##.#
≈≈≈≈≈ #.##.#
≈...≈≈##....#
≈._...5@.##.#
≈...≈≈#######
≈≈≈≈≈ ≈≈≈≈
###


You could see Grinder.

Vanquished Creatures
  Terence (D:2)
  2 adders (D:2)
  2 oozes
  2 worms
  5 dart slugs
  2 leopard geckos (D:3)
  2 orcs (D:3)
  3 bats
  3 giant cockroaches
  6 hobgoblins
  2 jackals (D:2)
  2 quokkas (D:2)
  2 frilled lizards
  5 goblins
  5 kobolds
  5 rats
49 creatures vanquished.

Notes
Turn   | Place    | Note
-------+----------+-------------------------------------------
     0 | D:1      | Ethylacetat the Naga Transmuter began the quest for the
                  | Orb.
     0 | D:1      | Reached XP level 1. HP: 18/18 MP: 3/3
   273 | D:1      | Reached XP level 2. HP: 20/25 MP: 5/5
   639 | D:1      | Reached XP level 3. HP: 27/31 MP: 6/6
  1029 | D:1      | Learned a level 3 spell: Spider Form
  1140 | D:2      | Noticed Terence
  1152 | D:2      | Killed Terence
  1152 | D:2      | Reached skill level 1 in Poison Magic
  1152 | D:2      | Reached XP level 4. HP: 32/39 MP: 0/7
  1381 | D:2      | Found a hazy altar of Hepliaklqana.
  1962 | D:3      | Reached XP level 5. HP: 35/45 MP: 5/9
  2002 | D:3      | Found a deep blue altar of Sif Muna.
  2002 | D:3      | Noticed Grinder
  2003 | D:3      | Paralysed by Grinder for 6 turns
  2019 | D:3      | Paralysed by Grinder for 6 turns
  2023 | D:3      | HP: 1/45 [Grinder (6)]
  2023 | D:3      | Slain by Grinder

Skill      XL: |  1  2  3  4 |
---------------+-------------+-----
Poison Magic   | 1 |  1.7
Fighting       | 2 |  2.2
Dodging        | |  1.5
Unarmed Combat | |  3.6
Spellcasting   | |  2.8
Transmutations | |  2.9

Action                   |  1- 3 |  4- 6 || total
-------------------------+-------+-------++-------
Melee: Unarmed           |    76 |    45 ||   121
       Staff             |       |    13 ||    13
 Cast: Spider Form       |     1 |     5 ||     6
 Abil: Spit Poison       |    25 |    14 ||    39
  Use: Scroll            |       |     1 ||     1
 Stab: Distracted        |       |     1 ||     1
  Eat: Chunk             |     2 |     4 ||     6
Armor: Robe              |    15 |     8 ||    23
       Skin              |     1 |     3 ||     4
Dodge: Dodged            |    34 |    36 ||    70
